Unix NetHack Version 5.0.0-0 post-release - last build Jun 10 2026 00:39:30 (3ee93aec679c4c4259841fe613dc97188e26a321,branch:main).

Game began 2026-06-22 17:05:14, ended 2026-06-22 17:22:51.

LDaviesPeters, neutral female human Archeologist

                               -----     -------------
                               |...|    #-...........|
                               |.{.| ####|...........|
                             ##-..*.##   |...........|
                         ##### ---.-    #-...........|
        ---------------  #       ##     #|......(.@h.|
        |.............|  #       #      #-----------.-
        |.............|  #       #      ###         #`
        |..(...........###      ##        #
        |.............| #       #         #
        |..............####-----|---------#
        ---------------  ##|.............-#
                         ##|........<....|
                          #|.............|
                          #..............|
                          #---------------
                          ####

LDaviesPeters the Field Worker  St:14 Dx:9 Co:12 In:15 Wi:14 Ch:11  Neutral
Dlvl:6  $:0  HP:0(34) Pw:13(13) AC:9  Xp:4 T:2290 

Latest messages:
 This door is locked.
 This door is locked.
 In what direction? 2
 Whammm!!
 In what direction? 2
 Whammm!!
 In what direction? 2
 Thwack!!
 In what direction? 2
 Whammm!!
 In what direction? 2
 Whammm!!
 In what direction? 2
 Whammm!!
 In what direction? 2
 As you kick the door, it crashes open!
 The bugbear wields a flail!
 The flail welds itself to the bugbear's hand!
 You miss the bugbear.
 The bugbear swings his flail.
 The bugbear hits!
 You miss the bugbear.
 You feel more confident in your weapon skills.
 You lash the bugbear.
 You lash the bugbear.
 The bugbear swings his flail.
 The bugbear hits!
 You miss the bugbear.
 The bugbear swings his flail.
 The bugbear hits!
 Are you sure you want to pray? [yn] (n) y
 You begin praying to Camaxtli.
 You are surrounded by a shimmering light.
 The bugbear starts to attack you, but pulls back.
 The bugbear starts to attack you, but pulls back.
 The bugbear starts to attack you, but pulls back.
 You finish your prayer.
 You feel that Camaxtli is well-pleased.
 You feel much better.
 You miss the bugbear.
 The bugbear swings his flail.
 The bugbear hits!
 You miss the bugbear.
 The bugbear swings his flail.
 The bugbear hits!
 You lash the bugbear.
 The bugbear swings his flail.
 The bugbear hits!
 You die...
 Do you want your possessions identified? [ynq] (y) q

Inventory:
 Weapons  (')')
  w - a +0 dagger
  u - a cursed -1 dagger
  s - a cursed -2 dagger
  a - a +2 bullwhip (weapon in right hand)
 Armor    ('[')
  c - an uncursed +0 fedora (being worn)
  t - a cursed -1 elven mithril-coat
  h - an uncursed +0 leather jacket (being worn)
 Comestibles  ('%')
  d - 5 uncursed food rations
  o - an uncursed fortune cookie
  C - an uncursed tripe ration
 Scrolls  ('?')
  E - an uncursed scroll of light
 Potions  ('!')
  F - a cursed potion of object detection
 Rings    ('=')
  y - an uncursed ring of stealth
  m - an uncursed ring of sustain ability (on left hand)
 Wands    ('/')
  A - a wand of teleportation (0:8)
 Tools    ('(')
  b - an uncursed sack containing 5 items
  v - an uncursed brass lantern
  l - an uncursed oil lamp
  f - a tinning kit (0:30)
 Gems/Stones  ('*')
  k - 2 uncursed topaz stones
  g - an uncursed touchstone

Contents of the sack:
  146 gold pieces
  an uncursed scroll of identify
  an uncursed scroll of remove curse
  an uncursed potion of hallucination
  a +0 pick-axe

LDaviesPeters the Archeologist's attributes:

Background:
 You were a Field Worker, a level 4 female human Archeologist.
 You were neutral, on a mission for Camaxtli
 who was opposed by Quetzalcoatl (lawful) and Huhetotl (chaotic).
 You were right-handed.
 You were in the Dungeons of Doom, on level 6.
 You entered the dungeon 2290 turns ago.
 You had 139 experience points, 21 more were needed to attain level 5.

Basics:
 You had 0 out of 34 hit points.
 You had all 13 energy points (spell power).
 Your armor class was 9.
 Your wallet was empty, but
 you had 146 zorkmids stashed away in your pack.
 Autopickup was off.

Final Characteristics:
 Your strength was 14 (limit:18/100).
 Your dexterity was 9 (limit:18).
 Your constitution was 12 (limit:18).
 Your intelligence was 15 (limit:18).
 Your wisdom was 14 (limit:18).
 Your charisma was 11 (limit:18).

Final Status:
 You weren't hungry.
 You were unencumbered.
 You were wielding a whip.
 You had basic skill with whip and could have enhanced that.

Final Attributes:
 You were devoutly aligned.
 You had automatic searching.
 You had fixed abilities.
 You were lucky.
 You are dead.

Miscellaneous:
 You didn't encounter any bones levels.
 Total elapsed playing time was 17 minutes and 37 seconds.

Major events:
 Turn
    1: LDaviesPeters the neutral female human Archeologist entered the dungeon
  542: attained the rank of Field Worker (level 3)
  703: entered the Gnomish Mines
 2290: killed by a bugbear

You didn't know any spells.

Skills:
 Fighting Skills
   bare handed combat [Unskilled]
   two weapon combat  [Unskilled]
   riding             [Unskilled]
 Weapon Skills
   dagger             [Unskilled]
   knife              [Unskilled]
   pick-axe           [Basic]
   short sword        [Unskilled]
   saber              [Unskilled]
   club               [Unskilled]
   quarterstaff       [Unskilled]
   sling              [Unskilled]
   dart               [Unskilled]
   boomerang          [Unskilled]
   whip               [Basic]
   unicorn horn       [Unskilled]
 Spellcasting Skills
   attack spells      [Unskilled]
   healing spells     [Unskilled]
   divination spells  [Unskilled]
   matter spells      [Unskilled]

Voluntary challenges:
 Character rerolling was not enabled.
 You never genocided any monsters.
 You never polymorphed an object.
 You never changed form.
 You used no wishes.
Achievements:
 You attained the rank of Field Worker.
 You entered the Gnomish Mines.
 You entered a shop.

 The Dungeons of Doom: levels 1 to 6
    Level 1:
    Level 2:
       A fountain.
       Stairs down to The Gnomish Mines.
    Level 3:
       An armor shop.
    Level 4:
       A sink, many trees.
    Level 5:
       A fountain.
    Level 6: <- You were here.
       A sink.
       Final resting place for
          you, killed by a bugbear.
 The Gnomish Mines:
    Level 3:


Vanquished creatures:
  a kitten
  a dwarf
 an iguana
  6 hobbits
  a large kobold
  a giant rat
  2 cave spiders
  2 yellow molds
  3 garter snakes
  a gnome zombie
  2 foxes
  a kobold
  a goblin
  3 grid bugs
  7 lichens
  a kobold zombie
  5 newts
39 creatures vanquished.

No species were genocided or became extinct.

Game over:
                       ----------
                      /          \
                     /    REST    \
                    /      IN      \
                   /     PEACE      \
                  /                  \
                  |  LDaviesPeters   |
                  |      146 Au      |
                  |   killed by a    |
                  |     bugbear      |
                  |                  |
                  |                  |
                  |       2026       |
                 *|     *  *  *      | *
        _________)/\\_//(\/(/\)/\//\/|_)_______

Goodbye LDaviesPeters the Archeologist...

You died in The Dungeons of Doom on dungeon level 6 with 938 points,
and 146 pieces of gold, after 2290 moves.
You were level 4 with a maximum of 34 hit points when you died.

